AoeStats
← Warcanoe

Arabia

504990503Analyzed
2v2 RM · 26d ago on Sep 7, 2026· 39m 49s· 4 players
Game mode
Random Map
Map size
Medium (4 player)
Population
200
Speed
Normal
Resources
Standard
Victory
Conquest
Starting age
Dark Age
Ending age
Imperial Age
RankedLock teamsTeams togetherTeam positionsShared explorationLock speedFull tech treeHidden civsTurbo modeCheats
Victory
Defeat
🇨🇭 Berbers · Switzerland
1374
+13
🇨🇭 Tupi · Switzerland
1296
+17
🇨🇴 Hindustanis · Colombia
1363
-17
🇨🇭 Celts · Switzerland
1261
-13
Cultist Industrial Atomiser
6:43 Loom
10:21 Feudal Age
11:34 Double-Bit Axe
11:51 Town Watch
12:52 Wheelbarrow
12:28 Gold Mining
15:11 Horse Collar
19:01 Fletching
20:07 Scale Mail Armor
24:33 Padded Archer Armor
25:00 Stone Mining
28:48 Castle Age
27:28 Forging
28:59 Arson
28:55 Crossbowman
29:04 Pikeman
29:33 Arson
29:49 Squires
30:29 Bow Saw
31:35 Heavy Plow
31:48 Bodkin Arrow
32:48 Leather Archer Armor
33:28 Chain Mail Armor
33:40 Ballistics
35:20 Arson
37:13 Iron Casting
37:36 Gold Shaft Mining
41:21 Imperial Age
youplaboom4
7:40 Loom
11:06 Feudal Age
13:20 Double-Bit Axe
14:13 Horse Collar
15:46 Town Watch
20:17 Bloodlines
21:41 Scale Barding Armor
23:21 Forging
27:44 Castle Age
27:47 Light Cavalry
28:49 Chain Barding Armor
28:31 Husbandry
28:43 Bow Saw
28:52 Gold Mining
30:23 Gold Shaft Mining
30:54 Iron Casting
31:15 Heavy Plow
32:36 Wheelbarrow
32:07 Fletching
37:04 Gold Shaft Mining
40:09 Imperial Age
38:34 Stone Mining
Warcanoe
0:27 Loom
1:58 Loom
10:46 Feudal Age
12:08 Double-Bit Axe
15:26 Horse Collar
16:14 Fletching
17:41 Gold Mining
20:31 Padded Archer Armor
26:12 Castle Age
24:29 Stone Mining
25:22 Scale Mail Armor
25:34 Forging
26:20 Crossbowman
26:26 Pikeman
27:23 Chain Mail Armor
28:43 Iron Casting
28:57 Wheelbarrow
34:26 Bodkin Arrow
35:50 Town Watch
39:34 Bow Saw
David_77
5:35 Loom
9:09 Feudal Age
9:44 Double-Bit Axe
11:41 Horse Collar
16:23 Forging
16:34 Scale Barding Armor
22:53 Bloodlines
29:48 Castle Age
29:52 Light Cavalry
30:34 Husbandry
30:56 Chain Barding Armor
31:06 Bow Saw
30:57 Heavy Plow
33:28 Iron Casting
35:33 Scale Mail Armor
36:46 Chain Mail Armor
Connection lost

Rejoining the realm…

Still unreachable

The connection could not be restored.

Session expired

The server has moved on; the page needs a fresh start.